 Dungeon Crawl Stone Soup version 0.17.0 (webtiles) character file.

18979 patrick the Martial Artist (level 12, -2/115 HPs)
             Began as a Naga Monk on Nov 12, 2015.
             Was the Champion of Cheibriados.
             Slain by an enormous slime creature (73 damage)
             ... on level 13 of the Dungeon.
             The game lasted 00:40:58 (13587 turns).

patrick the Martial Artist (Naga Monk)             Turns: 13587, Time: 00:40:58

Health: -2/115     AC: 20    Str: 27    XL:     12   Next: 64%
Magic:  19/19      EV: 19    Int: 30    God:    Cheibriados [******]
Gold:   548        SH:  0    Dex: 29    Spells: 4 memorised, 8 levels left

rFire  . . .     SeeInvis +       - Unarmed
rCold  + . .     Clarity  .     y - +5 steam dragon armour
rNeg   + . .     SustAt   .     (no shield)
rPois  +         Gourm    .     (no helmet)
rElec  .         Spirit   .     g - +2 cloak
rCorr  .         Warding  +     n - +2 pair of gloves
rMut   .         Stasis   .     (no barding)
MR     +....                    r - amulet of warding
Stlth  ++++++....               h - +3 ring of protection
                                f - ring of protection from cold

@: about to teleport, very slow, somewhat resistant to hostile enchantments,
very stealthy
A: see invisible, deformed body, poison resistance, slowness 2, slow metabolism
1, spit poison 3, weak 1, AC +4
a: Breathe Poison Gas, Bend Time, Temporal Distortion, Slouch, Step From Time,
Renounce Religion


You were on level 13 of the Dungeon.
You worshipped Cheibriados.
Cheibriados was exalted by your worship.
You were full.

You visited 2 branches of the dungeon, and saw 14 of its levels.

You collected 668 gold pieces.
You spent 120 gold pieces at shops.

Inventory:

Hand Weapons
 a - a +0 dagger of venom
Armour
 g - a +2 cloak (worn)
 n - a +2 pair of gloves (worn)
 y - a +5 steam dragon armour (worn)
Jewellery
 f - a ring of protection from cold (left hand)
 h - a +3 ring of protection (right hand)
 r - an amulet of warding (around neck)
Wands
 q - a wand of draining (0)
 C - a wand of magic darts (24)
Scrolls
 k - 5 scrolls of teleportation
 p - 2 scrolls of silence
 t - 3 scrolls of remove curse
 u - 4 scrolls of immolation
 x - 2 scrolls of identify
 B - a scroll of recharging
Potions
 c - 2 potions of flight
 d - a potion of cancellation
 l - 2 potions of brilliance
 m - 3 potions of cure mutation
 D - a potion of heal wounds
 E - a potion of curing
Books
 e - a book of Necromancy

   Spells                             Type                      Level
   a - Pain                           Necromancy                   1
   b - Animate Skeleton               Necromancy                   1
   c - Vampiric Draining              Necromancy                   3
   d - Regeneration                   Charms/Necromancy            3
   e - Animate Dead                   Necromancy                   4
   f - Control Undead                 Necromancy                   4
 i - a book of Power

   Spells                             Type                      Level
   a - Fulminant Prism                Conjuration/Hexes            4
   b - Iskenderun's Mystic Blast      Conjuration                  4
   c - Venom Bolt                     Conjuration/Poison           5
   d - Bolt of Magma                  Conjuration/Fire/Earth       5
   e - Iron Shot                      Conjuration/Earth            6
   f - Orb of Destruction             Conjuration                  7
   g - Spellforged Servitor           Conjuration/Summoning        7
 v - a Grand Grimoire

   Spells                             Type                      Level
   a - Monstrous Menagerie            Summoning                    6
   b - Summon Greater Demon           Summoning                    7
   c - Malign Gateway                 Summoning/Translocation      7
   d - Summon Horrible Things         Summoning                    8
 w - a book of Ice

   Spells                             Type                      Level
   a - Ice Form                       Ice/Transmutation            4
   b - Metabolic Englaciation         Hexes/Ice                    5
   c - Ozocubu's Refrigeration        Ice                          6
   d - Bolt of Cold                   Conjuration/Ice              6
   e - Freezing Cloud                 Conjuration/Ice/Air          6
   f - Simulacrum                     Ice/Necromancy               6
 z - a book of the Dragon

   Spells                             Type                      Level
   a - Flame Tongue                   Conjuration/Fire             1
   b - Cause Fear                     Hexes                        4
   c - Bolt of Fire                   Conjuration/Fire             6
   d - Dragon Form                    Transmutation                7
   e - Dragon's Call                  Summoning                    9
 F - a book of Spatial Translocations

   Spells                             Type                      Level
   a - Apportation                    Translocation                1
   b - Blink                          Translocation                2
   c - Shroud of Golubria             Charms/Translocation         2
   d - Portal Projectile              Translocation                3
   e - Teleport Other                 Translocation                3
   f - Passage of Golubria            Translocation                4
Comestibles
 b - 7 bread rations
 j - 4 meat rations
 s - 16 fruits


   Skills:
 + Level 9.5 Fighting
 - Level 8.0 Dodging
 - Level 11.0 Stealth
 * Level 13.2 Unarmed Combat
 + Level 5.0 Spellcasting
 - Level 2.0 Charms
 * Level 3.0 Transmutations


You had 8 spell levels left.
You knew the following spells:

 Your Spells              Type           Power        Failure   Level  Hunger
a - Animate Skeleton      Necr           N/A          8%          1    None
b - Blink                 Tloc           N/A          12%         2    None
c - Regeneration          Chrm/Necr      ##........   14%         3    None
d - Dragon Form           Trmt           ####......   100%        7    #######


Dungeon Overview and Level Annotations

Branches:
Dungeon (13/15)            Temple (1/1) D:7            Lair (0/8) D:8
    Orc (0/4) D:9
 Vaults: D:13-14

Altars:
Ashenzari
Cheibriados
Dithmenos
Elyvilon
Fedhas
Gozag
Kikubaaqudgha
Makhleb
Nemelex Xobeh
Okawaru
Qazlal
Ru
Sif Muna
Vehumet
Xom
Yredelemnul
Zin
The Shining One
Beogh

Shops:
D:10 ?


Innate Abilities, Weirdness & Mutations

You cannot wear boots.
Your serpentine skin is tough (AC +4).
You have supernaturally acute eyesight.
Armour fits poorly on your strangely shaped body.
Your system is resistant to poisons.
You cover ground very slowly.
You have a slow metabolism.
You can exhale a cloud of poison.
You are weak. (Str -2)


Message History

The enormous slime creature closely misses you.
You punch the enormous slime creature! You punch the enormous slime creature.
The enormous slime creature is moderately wounded.
The enormous slime creature barely misses you.
Drink which item? (? for menu, Esc to quit)
Okay, then.
Unknown command.
You punch the enormous slime creature!
The enormous slime creature is heavily wounded.
The enormous slime creature hits you!!!
Ouch! That really hurt!
Read which item? (? for menu, Esc to quit)
As you read the scroll of teleportation, it crumbles to dust.
You feel strangely unstable.
The enormous slime creature barely misses you.
Drink which item? (? for menu, Esc to quit)
You feel much better.
The enormous slime creature hits you!!!!
Ouch! That really hurt!
You die...

###.##### #.# #.# #.#
#..# ##Z.##...###.#
#.###.# #..#
#.######.....#####.....#
#..#
##..##.........)...#####
#..# ###.#.########.####
#..# ##..##.# #.#
#.####.# #.# ##..##.#
###.#### ###.#.#
#...@J.# ##..##.#
#.####.# #.###..# #. h>.
##..#.## # ##.# #....#
.# ###### #


You could see an enormous slime creature.

Vanquished Creatures
  Erolcha (D:11)
  A centaur warrior (D:13)
  A hydra (D:11)
  3 hill giants
  An unseen horror (D:11)
  Pikel (D:4)
  2 ugly things
  A centaur zombie (D:13)
  2 centaur skeletons
  2 gargoyles
  A freezing wraith (D:13)
  4 trolls
  2 wraiths (D:11)
  3 wyverns
  A basilisk (D:8)
  12 yaks
  3 hippogriffs
  A soldier ant (D:13)
  7 orc warriors
  A hungry ghost (D:8)
  3 porcupines
  2 eyes of draining (D:13)
  A necrophage (D:10)
  A water moccasin (D:10)
  10 ogres
  A phantom (D:4)
  2 black bears
  5 centaurs
  3 ice beasts
  6 crocodiles
  8 giant frogs
  3 big kobolds
  A wyvern zombie (D:11)
  3 scorpions
  15 killer bees
  17 wights
  5 crimson imps
  2 giant frog zombies
  A giant frog skeleton (D:10)
  7 orc priests
  5 jellies
  6 hounds
  18 orc wizards
  7 worker ants
  4 iguanas
  A hound zombie (D:7)
  A worker ant zombie (D:5)
  17 adders
  A river rat (D:7)
  4 shadow imps
  2 oozes
  An adder skeleton (D:5)
  An adder zombie (D:8)
  2 worms
  4 giant geckos
  43 orcs
  5 giant cockroaches
  4 goblins
  8 hobgoblins
  5 jackals
  14 kobolds
  5 quokkas
  A ball python (D:2)
  11 bats
  A giant gecko skeleton (D:7)
  9 giant newts
  A jackal skeleton (D:4)
  2 quokka skeletons
  6 rats
335 creatures vanquished.

Vanquished Creatures (collateral kills)
  A hill giant (D:12)
1 creature vanquished.

Vanquished Creatures (others)
  A crimson imp (D:4)
  An orc wizard (D:5)
  A giant cockroach (D:4)
  A quokka skeleton (D:4)
  A fungus (D:8)
5 creatures vanquished.

Grand Total: 341 creatures vanquished

Notes
Turn   | Place    | Note
--------------------------------------------------------------
     0 | D:1      | patrick the Naga Monk began the quest for the Orb.
     0 | D:1      | Reached XP level 1. HP: 21/21 MP: 1/1
   442 | D:1      | Reached XP level 2. HP: 9/28 MP: 2/2
   858 | D:1      | Reached XP level 3. HP: 25/34 MP: 3/3
  1495 | D:2      | Gained mutation: You can exhale a cloud of poison. [potion of beneficial mutation]
  1621 | D:2      | Found a stormy altar of Qazlal.
  1785 | D:2      | Reached XP level 4. HP: 37/42 MP: 4/4
  1807 | D:2      | Found a sacrificial altar of Ru.
  3130 | D:3      | Found an ancient bone altar of Kikubaaqudgha.
  3224 | D:4      | Reached skill level 5 in Unarmed Combat
  3224 | D:4      | Reached XP level 5. HP: 47/49 MP: 5/5
  3422 | D:4      | Noticed a slave
  3423 | D:4      | Noticed Pikel
  3427 | D:4      | Killed Pikel
  3427 | D:4      | Reached skill level 6 in Stealth
  3427 | D:4      | Reached XP level 6. HP: 55/58 MP: 6/6
  3427 | D:4      | Reached XP level 7. HP: 62/66 MP: 7/7
  3429 | D:4      | Noticed a freed slave
  3436 | D:4      | Noticed a freed slave
  3861 | D:4      | Gained mutation: You are weak. (Str -2) [potion of mutation]
  3972 | D:4      | Noticed a freed slave
  4039 | D:4      | Noticed a phantom
  4092 | D:4      | Killed a phantom
  4178 | D:4      | Found a shadowy altar of Dithmenos.
  4558 | D:5      | Entered Level 5 of the Dungeon
  4568 | D:5      | Reached skill level 7 in Stealth
  4663 | D:5      | Reached XP level 8. HP: 73/73 MP: 8/8
  4833 | D:5      | Reached skill level 5 in Fighting
  4913 | D:5      | Found a shattered altar of Ashenzari.
  5219 | D:5      | Got a fine leather armour
  5220 | D:5      | Identified the cursed +0 leather armour of Vienasie {Regen+ MP+9 Dex+4} (You found it on level 5 of the Dungeon)
  5690 | D:5      | Reached skill level 8 in Stealth
  5867 | D:6      | Found a radiant altar of Vehumet.
  5955 | D:6      | Reached XP level 9. HP: 73/81 MP: 9/9
  6019 | D:6      | Reached skill level 5 in Dodging
  6153 | D:6      | Reached skill level 9 in Stealth
  6220 | D:6      | Found a white marble altar of Elyvilon.
  6230 | D:6      | Found an opulent altar of Gozag.
  6230 | D:6      | Found a glowing silver altar of Zin.
  6760 | D:7      | Found a glowing golden altar of the Shining One.
  7285 | D:7      | Found a staircase to the Ecumenical Temple.
  7301 | Temple   | Entered the Ecumenical Temple
  7498 | Temple   | Became a worshipper of Cheibriados the Contemplative
  7498 | Temple   | Reached * piety under Cheibriados
  7498 | Temple   | Reached ** piety under Cheibriados
  7752 | D:8      | Reached skill level 10 in Stealth
  7775 | D:7      | Reached XP level 10. HP: 50/92 MP: 10/10
  8030 | D:7      | Got a slimy quarterstaff
  8031 | D:7      | Identified the cursed +1 quarterstaff of the Tundras {freeze, +Fly rF+ Str+3 Dex-5} (You found it on level 7 of the Dungeon)
  8113 | D:8      | Found a staircase to the Lair.
  8217 | D:8      | Reached skill level 10 in Unarmed Combat
  8309 | D:8      | Reached *** piety under Cheibriados
  8810 | D:9      | Found a staircase to the Orcish Mines.
  8843 | D:9      | Reached skill level 11 in Stealth
  8923 | D:9      | Found a roughly hewn altar of Beogh.
  9066 | D:9      | Reached **** piety under Cheibriados
  9092 | D:9      | Reached skill level 1 in Spellcasting
  9535 | D:9      | Reached XP level 11. HP: 102/102 MP: 13/13
  9860 | D:9      | Found a sparkling altar of Nemelex Xobeh.
 10119 | D:10     | Entered Level 10 of the Dungeon
 10124 | D:10     | Got a blackened ring mail
 10270 | D:10     | Reached ***** piety under Cheibriados
 10697 | D:10     | Found Hesobb's Magic Scroll Boutique.
 10700 | D:10     | Bought a scroll of teleportation for 45 gold pieces
 10700 | D:10     | Bought a scroll of teleportation for 45 gold pieces
 10700 | D:10     | Bought a scroll of identify for 30 gold pieces
 10700 | D:10     | Identified the +3 ring mail "Ukhet" {rC+ Str+2 SInv} (You found it on level 10 of the Dungeon)
 10996 | D:11     | Noticed a hill giant
 11004 | D:11     | Killed a hill giant
 11548 | D:11     | Reached skill level 12 in Unarmed Combat
 11753 | D:11     | Noticed Erolcha
 11923 | D:11     | Killed Erolcha
 11923 | D:11     | Reached ****** piety under Cheibriados
 11961 | D:11     | Noticed an unseen horror
 11975 | D:11     | Killed an unseen horror
 12075 | D:11     | Reached XP level 12. HP: 103/112 MP: 18/18
 12200 | D:11     | Noticed a seven-headed hydra
 12208 | D:11     | Killed a seven-headed hydra
 12212 | D:11     | Learned a level 1 spell: Animate Skeleton
 13093 | D:12     | Learned a level 2 spell: Blink
 13097 | D:12     | Learned a level 3 spell: Regeneration
 13105 | D:12     | Learned a level 7 spell: Dragon Form
 13131 | D:12     | Reached skill level 1 in Transmutations
 13157 | D:13     | Noticed a centaur warrior
 13162 | D:13     | Killed a centaur warrior
 13162 | D:13     | Reached skill level 1 in Charms
 13172 | D:13     | Reached skill level 13 in Unarmed Combat
 13468 | D:13     | Reached skill level 5 in Spellcasting
 13587 | D:13     | Slain by an enormous slime creature

Action                   |  1- 3 |  4- 6 |  7- 9 | 10-12 || total
-------------------------+-------+-------+-------+-------++-------
Melee: Dagger            |    89 |    32 |   329 |       ||   450
       Unarmed           |       |       |    33 |   492 ||   525
 Cast: Animate Skeleton  |       |       |       |     5 ||     5
 Abil: Spit Poison       |    30 |       |       |       ||    30
       Breathe Poison Ga |     5 |    15 |    47 |    57 ||   124
Evoke: Wand              |       |       |     7 |    23 ||    30
  Use: Scroll            |     8 |     9 |    13 |    11 ||    41
       Potion            |     3 |       |     8 |     6 ||    17
 Stab: Sleeping          |     3 |     1 |    10 |    19 ||    33
       Paralysed         |       |       |     3 |       ||     3
       Distracted        |       |       |       |     4 ||     4
  Eat: Fruit             |     4 |       |    10 |     8 ||    22
       Chunk             |     3 |     5 |     8 |    13 ||    29
       Meat ration       |       |       |     1 |       ||     1
       Pizza             |       |       |     1 |       ||     1
       Beef jerky        |       |       |     1 |     3 ||     4
